 Dungeon Crawl Stone Soup version 0.28.0-43-g3370ac3207 (webtiles) character file.

Game seed: 16039878483958718845

106 funkygono the Cudgeller (level 4, -1/27 HPs)
             Began as a Gargoyle Gladiator on Mar 7, 2022.
             Killed from afar by Natasha (4 damage)
             ... with a magic dart
             ... on level 3 of the Dungeon.
             The game lasted 00:03:25 (2780 turns).

funkygono the Cudgeller (Gargoyle Gladiator)        Turns: 2780, Time: 00:03:26

Health: -1/27      AC: 11    Str: 20    XL:     4   Next: 84%
Magic:  4/4        EV: 10    Int:  8    God:
Gold:   54         SH:  0    Dex: 11    Spells: 3/3 levels left

rFire   . . .      SeeInvis .   a - +0 flail
rCold   . . .      Faith    .   (no shield)
rNeg    + . .      Spirit   .   j - +0 scale mail
rPois   ∞          Reflect  .   c - +0 helmet
rElec   +          Harm     .   (no cloak)
rCorr   .          Rampage  .   (no gloves)
Will    .....                   (no boots)
Stlth   ..........              (no amulet)
HPRegen 0.09/turn               (no ring)
MPRegen 0.09/turn               (no ring)

@: attractive
A: sickness immunity, AC +3, negative energy resistance 1, electricity
resistance, torment resistance 1, petrification resistance
a: no special abilities


You were on level 3 of the Dungeon.
You visited 1 branch of the dungeon, and saw 3 of its levels.

You collected 54 gold pieces.

Inventory:

Hand Weapons
 a - a +0 flail (weapon)
Missiles
 d - 2 throwing nets (quivered)
Armour
 c - a +0 helmet (worn)
 j - a +0 scale mail (worn)
Magical Staves
 l - a staff of earth
Wands
 b - a wand of acid (3)
Scrolls
 k - 3 scrolls of blinking {unknown}
Potions
 e - a potion of lignification
 f - a potion of haste
 h - a potion of experience {unknown}
 i - a potion of heal wounds {unknown}


   Skills:
 + Level 2.7 Fighting
 + Level 4.3 Maces & Flails
 + Level 1.9 Throwing
 + Level 1.7 Armour
 + Level 2.9 Dodging
 + Level 0.3 Stealth


You had 3 spell levels left.
You didn't know any spells.
Your spell library contained the following spells:

 Spells                   Type           Power      Damage    Failure   Level
 Conjure Flame            Conj/Fire      0%         6-21      98%         3
 Ignite Poison            Fire/Tmut/Pois 0%         N/A       98%         3
 Sticky Flame             Conj/Fire      0%         2d3       100%        4
 Summon Ice Beast         Ice/Summ       0%         N/A       100%        4
 Summon Mana Viper        Hex/Summ       0%         N/A       100%        5
 Monstrous Menagerie      Summ           0%         N/A       100%        7


Dungeon Overview and Level Annotations

Branches:
Dungeon (3/15)

Altars:
Hepliaklqana

Annotations:
D:3 Natasha


Innate Abilities, Weirdness & Mutations

You are immune to sickness and miasma.
Your stone body is resilient. (AC +3)
You are immune to poison.
You resist negative energy. (rN+)
You are resistant to electric shocks. (rElec)
You are resistant to unholy torment.
You are immune to petrification.


Message History

You kill the orc!
You hit the orc but do no damage. The orc hits you but does no damage.
You closely miss the orc. The orc hits you with a +0 club.
* * * LOW HITPOINT WARNING * * *
You hit the orc but do no damage. The orc hits you but does no damage. x2
You sock the orc!
You kill the orc!
You barely miss the rat. The rat bites you but does no damage.
You closely miss the rat.
The rat bites you but does no damage. x2
You hit the rat.
You kill the rat!
You now have 54 gold pieces (gained 2).
Items here: ( ))) [[[ †††.
Natasha is nearby!
Natasha stares at you and mumbles some strange words.
The magic dart hits you.
Natasha mumbles some strange words.
You feel disoriented. Natasha claws you!
* * * LOW HITPOINT WARNING * * *
You closely miss Natasha.
Natasha casts a spell.
You hit Natasha.
Natasha is moderately wounded.
Natasha howls an incantation.
You feel disoriented.
Natasha stares at you and mumbles some strange words.
You resist with some effort.
The crimson imp blinks!
Natasha mumbles some strange words.
You miss Natasha.
Natasha is moderately wounded.
Natasha claws you but does no damage.
You hit Natasha.
Natasha is moderately wounded.
Natasha barely misses you.
It was a potion of attraction.
You feel attractive to monsters. Natasha casts a spell at you.
The magic dart hits you.
You die...

..# ##.............## ###
##.....#.....## .##
################# ..#
#....# #....# ###....#
####... ......## # ##
#....5######## #
####....h.#..)†.# #
#####.....5..@..###...#
####..............######.#
......####.###...........#
...........# ##..>######.
...........####.†.....#
.....##.......##.####.#
......#..........####.#
<.....................#
...#..#...............#


You could see Natasha and 2 crimson imps.

Vanquished Creatures
  Natasha (D:3)
  An adder (D:3)
  A worm (D:2)
  4 orcs (D:3)
  3 endoplasms (D:1)
  2 giant cockroaches
  7 goblins
  8 hobgoblins
  A jackal (D:2)
  3 quokkas
  6 ball pythons
  7 bats
  4 frilled lizards
  5 kobolds
  9 rats
62 creatures vanquished.

Vanquished Creatures (others)
  5 plants (D:3)
5 creatures vanquished.

Grand Total: 67 creatures vanquished

Notes
Turn   | Place    | Note
-------+----------+-------------------------------------------
     0 | D:1      | funkygono the Gargoyle Gladiator began the quest for the
                  | Orb.
     0 | D:1      | Reached XP level 1. HP: 12/12 MP: 1/1
   211 | D:1      | Reached XP level 2. HP: 17/17 MP: 2/2
  1136 | D:1      | Found a faded altar of an unknown god.
  1147 | D:1      | Reached XP level 3. HP: 9/22 MP: 3/3
  1508 | D:2      | Reached skill level 1 in Armour
  1766 | D:2      | Found a hazy altar of Hepliaklqana.
  2461 | D:3      | Reached XP level 4. HP: 18/27 MP: 4/4
  2633 | D:3      | Reached skill level 4 in Maces & Flails
  2651 | D:3      | Noticed Natasha
  2668 | D:3      | Killed Natasha
  2684 | D:3      | Noticed Natasha
  2780 | D:3      | Killed from afar by Natasha

Illustrated notes

Levels and vault maps discovered:
D:1:      sevenhm_arrival_forest_fort_large_2, layout_rooms,
          chequers_ecumenical_altar_lobes
D:2:      layout_loops_cross, basic_altar, minmay_diced_spiral
D:3:      layout_rooms, tso_metal_star, serial_bayou_lake_a, uniq_natasha

Skill      XL: |  1  2  3  4 |
---------------+-------------+-----
Armour         | 1 |  1.7
Maces & Flails | 4 |  4.3
Fighting       | |  2.7
Throwing       | |  1.9
Dodging        | |  2.9
Stealth        | |  0.3

Action                   |  1- 3 |  4- 6 || total
-------------------------+-------+-------++-------
Melee: Flail             |   148 |    53 ||   201
Throw: Throwing net      |     1 |       ||     1
  Use: Scroll            |     4 |       ||     4
       Potion            |       |     1 ||     1
 Stab: Sleeping          |     1 |       ||     1
Armor: Leather armour    |    79 |       ||    79
       Scale mail        |     2 |    72 ||    74
Dodge: Dodged            |   126 |    65 ||   191
